| TOP OF THE 1ST |
|
Cincinnati (NYP) Reds batting - Pitching for Batavia Muckdogs : RHP James Bitner
|
|
Pitching: RHP James Bitner
|
|
|
Batting: SHB Bryan Johnston
|
0-0: Ball 1-0: Ball 2-0: Called Strike 2-1: Foul Ball, location: 2F 2-2: Fly out, F9 (Flyball, 9, EV 85.0 MPH)
|
|
Batting: RHB Klaas Meij
|
0-0: Ball 1-0: Ball 2-0: Ball 3-0: Called Strike 3-1: Base on Balls
|
|
Batting: LHB David Moore
|
0-0: Ball 1-0: Ball 2-0: Called Strike 2-1: Ball 3-1: Called Strike 3-2: Foul Ball, location: 2F 3-2: Ground out 4-3 (Groundball, 4, EV 90.0 MPH) Klaas Meij to second
|
|
Batting: RHB Ricky Carbajal
|
0-0: Ball 1-0: Called Strike 1-1: Swinging Strike 1-2: Ball 2-2: Ground out U3 (Groundball, 3, EV 103.8 MPH)
|
| Top of the 1st over - 0 runs, 0 hits, 0 errors, 1 left on base; Cincinnati (NYP) 0 - Batavia 0 |
| BOTTOM OF THE 1ST |
|
Batavia Muckdogs batting - Pitching for Cincinnati (NYP) Reds : LHP Juan Garcia
|
|
Pitching: LHP Juan Garcia
|
|
|
Batting: RHB Calvin Morin
|
0-0: Ball 1-0: Ball 2-0: Called Strike 2-1: Foul Ball, location: 2F 2-2: Strikes out swinging
|
|
Batting: LHB David Doge
|
0-0: Ball 1-0: Called Strike 1-1: Ball 2-1: Fly out, F8 (Flyball, 8RD, EV 85.0 MPH)
|
|
Batting: RHB Jim Fisher
|
0-0: Called Strike 0-1: Ball 1-1: Ball 2-1: Foul Ball, location: 2F 2-2: Ball 3-2: Strikes out swinging
|
| Bottom of the 1st over - 0 runs, 0 hits, 0 errors, 0 left on base; Cincinnati (NYP) 0 - Batavia 0 |
| TOP OF THE 2ND |
|
Cincinnati (NYP) Reds batting - Pitching for Batavia Muckdogs : RHP James Bitner
|
|
Batting: LHB Shigeru Ono
|
0-0: Ball 1-0: Foul Ball, location: 2F 1-1: Ball 2-1: Swinging Strike 2-2: Ball 3-2: Base on Balls
|
|
Pitching: LHP Kunji Fukasawa
|
|
|
Batting: RHB Jamie Ingram
|
0-0: Ball 1-0: Foul Ball, location: 2F 1-1: Ball 2-1: Ball 3-1: Called Strike 3-2: Strikes out swinging
|
|
Batting: LHB Fernando Gomez
|
0-0: Ball 1-0: Ball 2-0: Called Strike 2-1: Ball 3-1: Called Strike 3-2: Foul Ball, location: 2F 3-2: Fielders Choice at 2nd, 6-4 (Groundball, 6S, EV 76.3 MPH)
|
|
Batting: SHB Jason Kirby
|
0-0: Ball 1-0: Called Strike 1-1: Ball 2-1: Foul Ball, location: 2F 2-2: SINGLE (Line Drive, 9S, EV 93.8 MPH) Fernando Gomez to second Fernando Gomez to third
|
|
Batting: RHB Cyd Carver
|
0-0: Ball 1-0: Called Strike 1-1: Foul Ball, location: 2F 1-2: Strikes out swinging
|
| Top of the 2nd over - 0 runs, 1 hit, 0 errors, 2 left on base; Cincinnati (NYP) 0 - Batavia 0 |
| BOTTOM OF THE 2ND |
|
Batavia Muckdogs batting - Pitching for Cincinnati (NYP) Reds : LHP Juan Garcia
|
|
Batting: RHB Len Graham
|
0-0: Ball 1-0: Ball 2-0: Ball 3-0: Called Strike 3-1: Swinging Strike 3-2: Fly out, F9 (Line Drive, 9S, EV 97.5 MPH)
|
|
Batting: LHB Ryan Thompson
|
0-0: Ball 1-0: Foul Ball, location: 2F 1-1: Ground out 4-3 (Groundball, 4, EV 86.9 MPH)
|
|
Batting: RHB Nate Crofts
|
0-0: Foul Ball, location: 2F 0-1: Ball 1-1: Foul Ball, location: 2F 1-2: Strikes out swinging
|
| Bottom of the 2nd over - 0 runs, 0 hits, 0 errors, 0 left on base; Cincinnati (NYP) 0 - Batavia 0 |
| TOP OF THE 3RD |
|
Cincinnati (NYP) Reds batting - Pitching for Batavia Muckdogs : LHP Kunji Fukasawa
|
|
Batting: SHB Bryan Johnston
|
0-0: Called Strike 0-1: Bunt for hit to 2L - play at first, batter OUT! 2-3
|
|
Batting: RHB Klaas Meij
|
0-0: Ball 1-0: Swinging Strike 1-1: Ball 2-1: Ball 3-1: Base on Balls
|
|
Batting: LHB David Moore
|
0-0: Ball 1-0: Foul Ball, location: 2F 1-1: Ball 2-1: Ball Balk! Klaas Meij to second 3-1: Swinging Strike 3-2: Fly out, F9 (Flyball, 9LM, EV 91.3 MPH)
|
|
Batting: RHB Ricky Carbajal
|
0-0: Swinging Strike 0-1: Swinging Strike 0-2: Ball 1-2: Strikes out swinging
|
| Top of the 3rd over - 0 runs, 0 hits, 0 errors, 1 left on base; Cincinnati (NYP) 0 - Batavia 0 |
| BOTTOM OF THE 3RD |
|
Batavia Muckdogs batting - Pitching for Cincinnati (NYP) Reds : LHP Juan Garcia
|
|
Batting: RHB Hiromitsu Yamada
|
0-0: Ball 1-0: Ball 2-0: Called Strike 2-1: Swinging Strike 2-2: Ball 3-2: Ground out 6-3 (Groundball, 56D, EV 82.5 MPH)
|
|
Batting: RHB Jeremy Dennis
|
0-0: Ball 1-0: Ball 2-0: Ball 3-0: Called Strike 3-1: Swinging Strike 3-2: Foul Ball, location: 2F 3-2: Foul Ball, location: 2F 3-2: Ground out U3 (Groundball, 34, EV 83.1 MPH)
|
|
Batting: RHB Jose Trevino
|
0-0: SINGLE (Groundball, 56S, EV 73.1 MPH) (infield hit)
|
|
Batting: RHB Calvin Morin
|
0-0: Swinging Strike 0-1: Foul Ball, location: 2F 0-2: Ball 1-2: Ground out 6-3 (Groundball, 6S, EV 85.0 MPH)
|
| Bottom of the 3rd over - 0 runs, 1 hit, 0 errors, 1 left on base; Cincinnati (NYP) 0 - Batavia 0 |
| TOP OF THE 4TH |
|
Cincinnati (NYP) Reds batting - Pitching for Batavia Muckdogs : LHP Kunji Fukasawa
|
|
Batting: LHB Shigeru Ono
|
0-0: Ball 1-0: Ball 2-0: Ground out 6-3 (Groundball, 6S, EV 84.4 MPH)
|
|
Batting: RHB Jamie Ingram
|
0-0: Ball 1-0: Ball 2-0: Foul Ball, location: 2F 2-1: Called Strike 2-2: Strikes out looking
|
|
Batting: LHB Fernando Gomez
|
0-0: Bunt missed! 0-1: Ball 1-1: Called Strike 1-2: Ball 2-2: Ball 3-2: Foul Ball, location: 2F 3-2: Foul Ball, location: 2F 3-2: Base on Balls
|
|
Batting: SHB Jason Kirby
|
0-0: Ball 1-0: Ball 2-0: Ball 3-0: Base on Balls Fernando Gomez to second
|
|
Pitching: RHP Alex Garza
|
|
|
Batting: RHB Cyd Carver
|
0-0: Swinging Strike 0-1: Swinging Strike 0-2: Foul Ball, location: 2F 0-2: Ball 1-2: Strikes out swinging
|
| Top of the 4th over - 0 runs, 0 hits, 0 errors, 2 left on base; Cincinnati (NYP) 0 - Batavia 0 |
| BOTTOM OF THE 4TH |
|
Batavia Muckdogs batting - Pitching for Cincinnati (NYP) Reds : LHP Juan Garcia
|
|
Batting: LHB David Doge
|
0-0: Fly out, F7 (Flyball, 78D, EV 96.9 MPH)
|
|
Batting: RHB Jim Fisher
|
0-0: Ball 1-0: Ground out 1-3 (Groundball, 34S, EV 62.5 MPH)
|
|
Batting: RHB Len Graham
|
0-0: Ball 1-0: Foul Ball, location: 2F 1-1: SINGLE (Line Drive, 7S, EV 100.6 MPH)
|
|
Batting: LHB Ryan Thompson
|
0-0: Ball 1-0: SINGLE (Groundball, 5D, EV 105.0 MPH) Len Graham to second
|
|
Batting: RHB Nate Crofts
|
0-0: Ball 1-0: Ground out U3 (Groundball, 23, EV 91.3 MPH)
|
| Bottom of the 4th over - 0 runs, 2 hits, 0 errors, 2 left on base; Cincinnati (NYP) 0 - Batavia 0 |
| TOP OF THE 5TH |
|
Cincinnati (NYP) Reds batting - Pitching for Batavia Muckdogs : RHP Alex Garza
|
|
Batting: SHB Bryan Johnston
|
0-0: Called Strike 0-1: Ball 1-1: Ball 2-1: Foul Ball, location: 2F 2-2: Ground out 5-3 (Groundball, 56, EV 110.0 MPH)
|
|
Batting: RHB Klaas Meij
|
0-0: Called Strike 0-1: Ball 1-1: Ball 2-1: Called Strike 2-2: Foul Ball, location: 2F 2-2: Foul Ball, location: 2F 2-2: Ball 3-2: Strikes out swinging
|
|
Batting: LHB David Moore
|
0-0: Fly out, F8 (Flyball, 8LM, EV 92.5 MPH)
|
| Top of the 5th over - 0 runs, 0 hits, 0 errors, 0 left on base; Cincinnati (NYP) 0 - Batavia 0 |
| BOTTOM OF THE 5TH |
|
Batavia Muckdogs batting - Pitching for Cincinnati (NYP) Reds : LHP Juan Garcia
|
|
Batting: RHB Hiromitsu Yamada
|
0-0: Ball 1-0: Ball 2-0: Ball 3-0: Foul Ball, location: 2F 3-1: Foul Ball, location: 2F 3-2: Strikes out swinging
|
|
Batting: RHB Jeremy Dennis
|
0-0: Called Strike 0-1: Ball 1-1: Foul Ball, location: 2F 1-2: DOUBLE (Flyball, 78D, EV 96.3 MPH)
|
|
Batting: RHB Jose Trevino
|
0-0: Called Strike 0-1: SINGLE (Line Drive, 78M, EV 104.4 MPH) Jeremy Dennis to third Runner from 3rd tries for Home, SAFE, throw by CF to home
|
|
Batting: RHB Calvin Morin
|
0-0: Fly out, F7 (Flyball, 7, EV 91.3 MPH)
|
|
Batting: LHB David Doge
|
0-0: Ball 1-0: Swinging Strike 1-1: Ball 2-1: Fly out, F9 (Flyball, 89S, EV 95.6 MPH)
|
| Bottom of the 5th over - 1 run, 2 hits, 0 errors, 1 left on base; Cincinnati (NYP) 0 - Batavia 1 |
| TOP OF THE 6TH |
|
Cincinnati (NYP) Reds batting - Pitching for Batavia Muckdogs : RHP Alex Garza
|
|
Batting: RHB Ricky Carbajal
|
0-0: Ball 1-0: Fly out, F7 (Flyball, 7S, EV 91.3 MPH)
|
|
Batting: LHB Shigeru Ono
|
0-0: DOUBLE (Line Drive, 89M, EV 96.9 MPH)
|
|
Batting: RHB Jamie Ingram
|
0-0: SINGLE (Line Drive, 7S, EV 104.4 MPH) Shigeru Ono to third
|
|
Batting: LHB Fernando Gomez
|
0-0: Ball 1-0: Called Strike 1-1: Ball 2-1: Swinging Strike 2-2: Strikes out swinging
|
|
Batting: SHB Jason Kirby
|
0-0: Called Strike 0-1: Ball 1-1: Swinging Strike 1-2: Strikes out swinging
|
| Top of the 6th over - 0 runs, 2 hits, 0 errors, 2 left on base; Cincinnati (NYP) 0 - Batavia 1 |
| BOTTOM OF THE 6TH |
|
Batavia Muckdogs batting - Pitching for Cincinnati (NYP) Reds : LHP Juan Garcia
|
|
Batting: RHB Jim Fisher
|
0-0: SINGLE (Groundball, 6MD, EV 110.6 MPH)
|
|
Batting: RHB Len Graham
|
0-0: Ball 1-0: Ball 2-0: Fly out, F8 (Flyball, 89M, EV 89.4 MPH)
|
|
Batting: LHB Ryan Thompson
|
0-0: Ball 1-0: Called Strike 1-1: Ball 2-1: Swinging Strike 2-2: Strikes out swinging
|
|
Batting: RHB Nate Crofts
|
0-0: Foul Ball, location: 2F 0-1: Foul Ball, location: 2F 0-2: Strikes out looking
|
| Bottom of the 6th over - 0 runs, 1 hit, 0 errors, 1 left on base; Cincinnati (NYP) 0 - Batavia 1 |
| TOP OF THE 7TH |
|
Cincinnati (NYP) Reds batting - Pitching for Batavia Muckdogs : RHP Alex Garza
|
|
Pitching: RHP Giampaolo Nobile
|
|
|
Batting: RHB Cyd Carver
|
0-0: Ball 1-0: Fly out, F4 (Line Drive, 4, EV 66.3 MPH)
|
|
Batting: SHB Bryan Johnston
|
0-0: Ball 1-0: Ball 2-0: Ball 3-0: Called Strike 3-1: Base on Balls
|
|
Batting: RHB Klaas Meij
|
0-0: Ball Bryan Johnston is caught stealing 2nd base 2-4 1-0: Ball 2-0: Foul Ball, location: 2F 2-1: Foul Ball, location: 2F 2-2: Ground out 5-3 (Groundball, 56S, EV 78.8 MPH)
|
| Top of the 7th over - 0 runs, 0 hits, 0 errors, 0 left on base; Cincinnati (NYP) 0 - Batavia 1 |
| BOTTOM OF THE 7TH |
|
Batavia Muckdogs batting - Pitching for Cincinnati (NYP) Reds : LHP Juan Garcia
|
|
Batting: RHB Hiromitsu Yamada
|
0-0: Ball 1-0: Ball 2-0: Foul Ball, location: 2F 2-1: Swinging Strike 2-2: Strikes out swinging
|
|
Batting: RHB Jeremy Dennis
|
0-0: Ball 1-0: Ball 2-0: TRIPLE (Flyball, 9LD, EV 102.5 MPH)
|
|
Batting: RHB Jose Trevino
|
0-0: Ball 1-0: Ball 2-0: Called Strike 2-1: Foul Ball, location: 2F 2-2: Ground out U3 (Groundball, 34, EV 86.9 MPH)
|
|
Batting: RHB Calvin Morin
|
0-0: Ball 1-0: Foul Ball, location: 2F 1-1: Ball 2-1: Ball 3-1: Foul Ball, location: 2F 3-2: SINGLE (Groundball, 6M, EV 91.9 MPH) (infield hit) Jeremy Dennis scores
|
|
Pitching: LHP Bryan Ross
|
|
|
Batting: LHB David Doge
|
0-0: Ball Calvin Morin steals 2nd base (no throw) 1-0: Ball 2-0: Ball 3-0: Called Strike 3-1: Swinging Strike 3-2: Foul Ball, location: 2F 3-2: Foul Ball, location: 2F 3-2: Base on Balls
|
|
Batting: RHB Jim Fisher
|
0-0: Ground out U3 (Groundball, 34S, EV 83.8 MPH)
|
| Bottom of the 7th over - 1 run, 2 hits, 0 errors, 2 left on base; Cincinnati (NYP) 0 - Batavia 2 |
| TOP OF THE 8TH |
|
Cincinnati (NYP) Reds batting - Pitching for Batavia Muckdogs : RHP Giampaolo Nobile
|
|
Batting: LHB David Moore
|
0-0: Called Strike 0-1: Ball 1-1: Called Strike 1-2: Foul Ball, location: 2F 1-2: Foul Ball, location: 2F 1-2: Strikes out looking
|
|
Batting: RHB Ricky Carbajal
|
0-0: Called Strike 0-1: Ball 1-1: Ball 2-1: Foul Ball, location: 2F 2-2: Foul Ball, location: 2F 2-2: Strikes out looking
|
|
Batting: LHB Shigeru Ono
|
0-0: Ball 1-0: Called Strike 1-1: Ball 2-1: Foul Ball, location: 2F 2-2: Strikes out swinging
|
| Top of the 8th over - 0 runs, 0 hits, 0 errors, 0 left on base; Cincinnati (NYP) 0 - Batavia 2 |
| BOTTOM OF THE 8TH |
|
Batavia Muckdogs batting - Pitching for Cincinnati (NYP) Reds : LHP Bryan Ross
|
|
Batting: RHB Len Graham
|
0-0: Ball 1-0: Called Strike 1-1: Ball 2-1: Ground out U3 (Groundball, 3, EV 87.5 MPH)
|
|
Batting: RHB Mario Barraza
|
0-0: Ball 1-0: Foul Ball, location: 2F 1-1: Called Strike 1-2: Strikes out swinging
|
|
Batting: RHB Nate Crofts
|
0-0: Called Strike 0-1: Swinging Strike 0-2: Ball 1-2: Strikes out looking
|
| Bottom of the 8th over - 0 runs, 0 hits, 0 errors, 0 left on base; Cincinnati (NYP) 0 - Batavia 2 |
| TOP OF THE 9TH |
|
Cincinnati (NYP) Reds batting - Pitching for Batavia Muckdogs : RHP Giampaolo Nobile
|
|
Pitching: RHP Ryan Babbitt
|
|
|
Batting: RHB Jamie Ingram
|
0-0: Ball 1-0: Fly out, F8 (Flyball, 8RD, EV 103.8 MPH)
|
|
Batting: LHB Fernando Gomez
|
0-0: Swinging Strike 0-1: Ball 1-1: Called Strike 1-2: Foul Ball, location: 2F 1-2: Ball 2-2: Ball 3-2: Base on Balls
|
|
Batting: SHB Jason Kirby
|
0-0: Ball 1-0: Foul Ball, location: 2F 1-1: SINGLE (Line Drive, 8LS, EV 108.8 MPH) Fernando Gomez to second
|
|
Pinch Hitting: LHB Elijah Benton
|
0-0: Called Strike 0-1: Ball 1-1: SINGLE (Groundball, 6D, EV 106.3 MPH) Fernando Gomez to third Jason Kirby to second
|
|
Batting: SHB Bryan Johnston
|
0-0: Ball 1-0: Ball 2-0: Ball 3-0: Base on Balls Fernando Gomez scores Jason Kirby to third Elijah Benton to second
|
|
Batting: RHB Klaas Meij
|
0-0: Called Strike 0-1: Called Strike 0-2: DOUBLE (Line Drive, 89D, EV 109.4 MPH) Jason Kirby scores Elijah Benton scores Bryan Johnston to third Runner from 3rd tries for Home, SAFE, throw by CF to trailing runner, SAFE at third!
|
|
Batting: LHB David Moore
|
0-0: Ball Wild Pitch! Klaas Meij scores 1-0: Ball 2-0: Ball 3-0: Called Strike 3-1: Called Strike 3-2: Foul Ball, location: 2F 3-2: Fly out, F8 (Flyball, 8RM, EV 86.3 MPH)
|
|
Batting: RHB Ricky Carbajal
|
0-0: Ball 1-0: Foul Ball, location: 2F 1-1: Called Strike 1-2: Ball 2-2: Strikes out swinging
|
| Top of the 9th over - 5 runs, 3 hits, 0 errors, 0 left on base; Cincinnati (NYP) 5 - Batavia 2 |
| BOTTOM OF THE 9TH |
|
Batavia Muckdogs batting - Pitching for Cincinnati (NYP) Reds : LHP Bryan Ross
|
|
Pitching: RHP Giovonni Morgia
|
|
|
Now at 2B: Josiah Leath
|
|
|
Now at 3B: Fernando Gomez
|
|
|
Now at SS: Klaas Meij
|
|
|
Now in CF: Shigeru Ono
|
|
|
Batting: RHB Hiromitsu Yamada
|
0-0: Called Strike 0-1: Ball 1-1: Swinging Strike 1-2: Strikes out swinging wild pitch, reaches first!
|
|
Pinch Hitting: LHB Andrew van Dongen
|
0-0: Ball 1-0: Ground out 4-3 (Groundball, 34, EV 103.8 MPH) Hiromitsu Yamada to second
|
|
Pinch Hitting: LHB Carlos Mosqueda
|
0-0: Ball 1-0: Called Strike 1-1: 2-RUN HOME RUN (Flyball, 8RXD, EV 116.3 MPH), Distance : 449 ft
|
|
Pinch Hitting: LHB Mario Tirado
|
0-0: Called Strike 0-1: Swinging Strike 0-2: Foul Ball, location: 2F 0-2: Ball 1-2: Strikes out swinging
|
|
Batting: LHB David Doge
|
0-0: Called Strike 0-1: Ball 1-1: Ball 2-1: Ball 3-1: Base on Balls
|
|
Pinch Hitting: LHB Chris Jonas
|
0-0: Ball 1-0: Ball 2-0: Foul Ball, location: 2F 2-1: Called Strike 2-2: Ball 3-2: Strikes out looking
|
| Bottom of the 9th over - 2 runs, 1 hit, 0 errors, 1 left on base; Cincinnati (NYP) 5 - Batavia 4 |
|